Map: Dusty Gorge

Players

Massa

  • Race: Terran Terran
  • League: Gold
  • Spawn Location: 11:00

qqq

  • Race: Zerg Zerg
  • League: Platinum
  • Spawn Location: 9:00

janon - Winner!

  • Race: Protoss Protoss
  • Spawn Location: 5:00

Plaga - Winner!

  • Race: Zerg Zerg
  • League: Platinum
  • Spawn Location: 3:00

VOD

Have the link to the VOD?

Description

Time

  • Played on: May 21, 2020, 12:14 p.m.
  • Length: 12:07
Show
View Real Time Build Order
Export as new Build Order

Massa Terran 

Build Orders:  

Get SALT Encoding   

  12  0:11  Supply Depot  
  12  0:13  SCV  
  13  0:25  SCV  
  14  0:34  Barracks  
  14  0:37  SCV  
  15  0:49  SCV  
  16  1:01  Supply Depot  
  16  1:02  SCV  
  17  1:14  SCV  
  18  1:28  SCV  
  19  1:40  SCV  
  20  1:48  Marine  
  20  1:52  SCV  
  22  2:01  Barracks  
  22  2:03  Barracks  
  22  2:04  SCV  
  22  2:05  Barracks  
  22  2:06  Marine  
  24  2:24  Marine  
  24  2:26  Refinery  
  24  2:28  Supply Depot  
  25  2:33  Supply Depot  
  25  2:35  Orbital Command  
  25  2:42  Marine  
  26  2:47  Marine  
  27  2:55  Marine x2  
  29  3:00  Marine  
  29  3:02  Supply Depot  
  29  3:05  Marine  
  31  3:13  Marine x2  
  31  3:18  Marine  
  34  3:23  Marine  
  35  3:30  Marine x2  
  37  3:35  Marine  
  37  3:40  Marine  
  39  3:48  Factory, Marine x2  
  39  3:53  Marine  
  42  3:58  Marine  
  43  4:06  Marine x2  
  45  4:11  Marine  
  45  4:16  Marine  
  47  4:24  Marine x2  
  47  4:29  Marine  
  50  4:34  Marine  
  51  4:45  Marine x2  
  35  4:47  Marine  
  35  4:52  Marine  
  38  5:03  Marine x2  
  38  5:04  Factory Tech Lab, Marine  
  38  5:09  Marine  
  39  5:21  Marine x2  
  39  5:23  Marine  
  39  5:27  Marine  
  42  5:39  Marine x2  
  42  5:41  Marine  
  41  5:45  Marine  
  37  5:56  Marine  
  37  5:57  Marine  
  36  5:59  Marine  
  36  6:03  Marine  
  37  6:07  Siege Tank  
  37  6:14  Marine x2  
  37  6:16  Marine  
  40  6:18  Command Center  
  40  6:20  SCV  
  40  6:21  Marine  
  42  6:32  Marine x2  
  43  6:34  Marine  
  43  6:39  Marine  
  46  6:50  Marine x2  
  46  6:58  Marine  
  46  6:59  Marine  
  42  7:08  Marine x2  
  41  7:16  Marine x2  
  41  7:19  SCV  
  44  7:25  Marine  
  44  7:26  Marine  
  46  7:31  SCV  
  46  7:34  Marine x2  
  49  7:43  SCV  
  47  7:55  SCV  
  45  7:59  Marine  
  45  8:00  Marine x3  
  45  8:02  Siege Tank  
  51  8:17  Marine x3  
  51  8:18  Marine  
  49  8:34  Siege Tank  
  49  8:35  Barracks, Marine x3  
  49  8:36  Marine  
  49  8:37  Barracks  
  56  8:53  Marine x4  
  60  9:06  Siege Tank  
  55  9:11  Marine x4  
  47  9:26  Marine x2  
  47  9:29  Marine x4  
  46  9:44  Marine x2  
  42  9:46  Marine  
  42  9:47  Marine x3  
  45  10:00  Siege Tank  
  45  10:02  Marine x2  
  45  10:04  SCV x2, Marine x3  
  45  10:05  Marine  
  53  10:16  SCV x2  
  53  10:19  Marine  
  44  10:24  Marine x5  
  44  10:28  SCV x2  
  41  10:37  Marine  
  41  10:41  Bunker, Marine  
  41  10:42  Marine x4  
  46  10:55  Marine  
  44  10:59  Marine x2  
  44  11:00  Marine x3  
  37  11:13  Marine  
  37  11:17  Marine x3  
  37  11:18  Marine x2  
  36  11:31  Marine  
  34  11:35  Marine  
Show
View Real Time Build Order
Export as new Build Order

qqq Zerg 

Build Orders: Hatch First, Zergling Baneling 

Get SALT Encoding   

  12  0:05  Drone  
  13  0:08  Drone  
  14  0:39  Hatchery  
  13  0:54  Spawning Pool  
  12  1:07  Drone, Overlord  
  12  1:09  Drone  
  14  1:16  Extractor  
  13  1:18  Drone  
  14  1:47  Drone x2  
  14  1:53  Drone  
  17  1:54  Queen  
  17  1:56  Queen  
  21  2:06  Zergling x4  
  23  2:13  Drone  
  24  2:17  Overlord  
  24  2:22  Drone  
  25  2:25  Zergling x2  
  26  2:32  Metabolic Boost  
  26  2:40  Zergling x2  
  26  2:41  Zergling x2  
  26  2:43  Drone  
  29  2:55  Zergling x2  
  29  2:57  Zergling x4  
  32  3:04  Zergling x2  
  32  3:08  Zergling x2  
  32  3:09  Zergling x2  
  34  3:17  Zergling x2  
  35  3:20  Zergling x2  
  36  3:40  Overlord x3  
  36  3:49  Baneling Nest  
  36  3:50  Drone  
  36  3:59  Zergling x4  
  36  4:00  Zergling x2  
  36  4:01  Zergling x2  
  40  4:09  Zergling x2  
  41  4:13  Zergling x2  
  41  4:34  Zergling x4  
  41  4:35  Zergling x8  
  41  4:36  Zergling x4  
  38  4:55  Baneling x2  
  38  4:56  Baneling x8  
  38  4:58  Zergling x4  
  38  4:59  Drone, Zergling x2  
  42  5:06  Zergling x2  
  43  5:08  Zergling x2  
  36  5:36  Zergling x6  
  36  5:37  Zergling x6  
  39  5:56  Zergling x4  
  39  5:57  Zergling x4  
  40  6:07  Zergling x4  
  40  6:10  Baneling  
  40  6:11  Baneling  
  37  6:18  Zergling x4  
  37  6:19  Zergling x8  
  40  6:31  Zergling x2  
  40  6:32  Zergling x2  
  40  6:51  Zergling x4  
  40  6:52  Zergling x8  
  40  6:53  Zergling x8  
  43  7:05  Baneling  
  43  7:06  Baneling x7  
  43  7:07  Zergling x2  
  43  7:08  Zergling x2  
  32  8:00  Zergling x2  
  32  8:01  Zergling x10  
  32  8:02  Zergling x8  
  32  8:03  Zergling x4  
  40  8:17  Zergling x4  
  39  8:25  Drone  
  40  8:30  Zergling x2  
  41  8:40  Zergling x2  
  41  8:41  Zergling x2  
  43  8:44  Hatchery  
  43  8:48  Hatchery  
  41  8:49  Baneling  
  41  8:50  Baneling x6  
  29  9:13  Zergling x8  
  29  9:14  Zergling x8  
  34  9:24  Drone, Zergling x2  
  36  9:38  Zergling x2  
  36  9:39  Zergling x2  
  37  9:49  Zergling x6  
  37  9:50  Zergling x2  
  35  9:53  Zergling x8  
  35  9:57  Zergling x2  
  35  9:58  Zergling x2  
  37  10:18  Baneling x2  
  37  10:19  Zergling x4  
  37  10:20  Zergling x12  
  39  10:25  Zergling x6  
  35  10:32  Drone  
  34  10:48  Zergling x2  
  31  10:50  Drone x4, Zergling x2  
  31  10:51  Zergling x6  
  31  11:01  Zergling x8  
  31  11:02  Zergling x6  
  28  11:10  Drone  
  15  11:30  Drone x4  
  9  11:51  Drone  
  8  11:54  Drone  
Show
View Real Time Build Order
Export as new Build Order

janon Protoss - Winner!

Build Orders: 1 Gate Expand 

Get SALT Encoding   

  12  0:01  Probe  
  13  0:13  Probe  
  14  0:20  Pylon  
  14  0:25  Probe  
  15  0:38  Gateway  
  15  0:40  Probe  
  16  0:52  Probe (Chrono Boost)  
  17  0:59  Assimilator  
  17  1:03  Probe (Chrono Boost)  
  18  1:07  Probe (Chrono Boost)  
  19  1:18  Probe  
  20  1:33  Nexus  
  20  1:35  Probe  
  21  1:48  Cybernetics Core  
  21  1:50  Probe  
  22  2:03  Probe  
  22  2:05  Gateway  
  23  2:10  Pylon  
  23  2:16  Warp Gate (Chrono Boost)  
  23  2:18  Assimilator  
  23  2:28  Probe  
  24  2:31  Stalker  
  26  2:40  Probe  
  27  2:46  Probe  
  27  2:47  Forge  
  28  2:53  Zealot  
  28  2:55  Probe  
  31  3:09  Probe x2  
  32  3:19  Protoss Ground Weapons Level 1 (Chrono Boost)  
  32  3:21  Probe x2  
  32  3:24  Twilight Council  
  34  3:31  Pylon  
  34  3:33  Probe x2  
  36  3:43  Sentry  
  36  3:44  Sentry  
  36  3:45  Probe  
  41  3:51  Probe  
  42  3:57  Probe, Gateway  
  43  4:03  Probe  
  43  4:08  Photon Cannon  
  45  4:10  Probe  
  45  4:14  Photon Cannon  
  45  4:15  Probe  
  46  4:21  Pylon  
  46  4:22  Probe  
  47  4:27  Probe  
  47  4:30  Stalker  
  42  4:32  Stalker  
  36  4:53  Stalker x2  
  36  4:56  Stalker  
  36  4:59  Probe  
  44  5:00  Probe  
  44  5:12  Probe  
  45  5:23  Stalker x2  
  45  5:25  Zealot  
  51  5:31  Probe x2  
  51  5:35  Assimilator x2  
  49  5:43  Probe x2  
  49  5:50  Stalker x2  
  51  5:58  Pylon  
  51  6:01  Pylon  
  47  6:22  Photon Cannon, Pylon  
  47  6:24  Zealot, Pylon  
  47  6:25  Zealot x2  
  49  6:30  Protoss Ground Weapons Level 2 (Chrono Boost)  
  49  6:33  Gateway, Blink (Chrono Boost)  
  49  6:34  Gateway  
  49  6:46  Stalker  
  49  6:47  Stalker x2  
  49  6:55  Gateway  
  49  7:15  Stalker x3  
  55  7:28  Stalker  
  55  7:29  Stalker  
  55  7:47  Stalker  
  55  7:48  Stalker x2  
  57  8:05  Stalker x3  
  53  8:29  Stalker x2  
  53  8:30  Stalker x4  
  65  8:44  Charge (Chrono Boost)  
  65  8:47  Protoss Ground Armor Level 1 (Chrono Boost)  
  65  8:49  Nexus  
  65  8:51  Pylon  
  65  8:53  Stalker x2  
  65  8:54  Pylon, Stalker x3  
  65  8:55  Zealot  
  73  9:33  Probe  
  73  9:34  Probe  
  73  9:38  Assimilator  
  73  9:43  Assimilator  
  71  9:46  Probe x2  
  73  9:57  Stalker x4  
  73  9:58  Probe x2, Stalker x2  
  87  10:10  Probe x2  
  89  10:22  Probe x2  
  89  10:28  Stalker x6  
  95  11:00  Probe x3  
  96  11:12  Probe x3  
  97  11:24  Probe x3  
  100  11:36  Probe x2  
  100  11:37  Probe  
  101  11:48  Probe  
  102  12:01  Stalker x5  
  104  12:02  Stalker  
Show
View Real Time Build Order
Export as new Build Order

Plaga Zerg - Winner!

Build Orders: Hatch First 

Get SALT Encoding   

  12  0:01  Drone  
  13  0:13  Overlord  
  13  0:18  Drone  
  14  0:32  Drone x2  
  16  0:53  Hatchery  
  16  0:56  Drone  
  16  1:00  Drone  
  17  1:04  Drone  
  17  1:09  Drone  
  19  1:14  Extractor  
  18  1:20  Overlord  
  18  1:30  Spawning Pool  
  17  1:34  Drone  
  18  1:40  Drone  
  19  1:54  Drone  
  20  2:03  Drone  
  20  2:07  Drone  
  22  2:13  Drone  
  23  2:17  Queen  
  23  2:18  Queen  
  23  2:21  Drone  
  28  2:23  Drone  
  29  2:40  Zergling x2  
  29  2:44  Zergling x2  
  31  2:45  Hatchery  
  31  2:47  Drone  
  31  2:56  Drone x2  
  31  2:57  Overlord  
  33  3:03  Lair  
  33  3:13  Metabolic Boost  
  33  3:19  Drone  
  35  3:20  Drone, Overlord  
  35  3:23  Drone  
  35  3:26  Drone x2  
  38  3:28  Drone  
  38  3:30  Drone x2  
  38  3:33  Zergling x2  
  41  3:42  Baneling Nest  
  41  3:45  Extractor  
  41  3:46  Zergling x6  
  42  3:49  Zergling x4  
  42  3:55  Extractor, Drone  
  43  4:02  Zergling x4  
  46  4:03  Zergling x8  
  50  4:10  Zergling x8  
  50  4:15  Overlord  
  54  4:22  Drone  
  54  4:23  Queen  
  53  5:07  Drone x3  
  53  5:08  Drone x8  
  53  5:13  Evolution Chamber  
  63  5:16  Overlord x2  
  59  5:22  Zergling x4  
  42  5:36  Zergling x2  
  42  5:37  Zergling x4  
  42  5:40  Zergling x4  
  42  5:41  Zergling x2  
  34  5:54  Zergling x2  
  34  5:55  Zergling x16  
  40  6:16  Zergling x6  
  40  6:17  Zergling x8  
  43  6:22  Zergling x4  
  43  6:24  Baneling x2  
  43  6:28  Baneling x6  
  43  6:29  Baneling x2  
  29  7:04  Zergling x22  
  29  7:05  Zergling x8  
  43  7:09  Zerg Melee Weapons Level 1  
  43  7:15  Queen  
  45  7:16  Drone x3  
  45  7:21  Centrifical Hooks  
  48  7:28  Baneling  
  32  7:53  Zergling x8  
  32  7:54  Zergling x10  
  38  8:05  Extractor  
  38  8:09  Zergling x4  
  33  8:26  Zergling x6  
  33  8:27  Zergling x2  
  34  8:30  Baneling x2  
  34  8:31  Zergling x4  
  34  8:32  Zergling x2  
  37  8:41  Baneling  
  37  8:42  Baneling  
  37  8:44  Drone  
  37  8:45  Drone x3  
  37  8:48  Extractor  
  40  8:50  Extractor  
  40  8:54  Drone  
  32  9:20  Zergling x18  
  41  9:30  Zergling x2  
  42  9:33  Zergling x2  
  44  9:45  Zergling x2  
  44  9:46  Zergling x2  
  45  9:55  Baneling x2  
  45  9:58  Baneling x6  
  45  10:00  Baneling x7  
  45  10:01  Baneling  
  45  10:03  Zergling x10  
  45  10:04  Zergling x6  
  40  10:37  Zergling x2  
  40  10:38  Zergling x10  
  41  11:16  Zergling x2  
  41  11:17  Zergling x10  
  42  11:31  Zergling x4  
  42  11:45  Zergling x4  
Tags
 
Add a new tag
Caveats
  • Supply blocks, unpowered buildings, or Contaminate may cause inaccurate times.
  • Supply counts are checked every 10 seconds.